 Dungeon Crawl Stone Soup version 0.23.2-1-ga50397a (webtiles) character file.

Game seed: 5741695343288040770

661 Briareos the Gusty (level 7, -5/52 HPs)
             Began as a Black Draconian Air Elementalist on Apr 24, 2019.
             Slain by Duvessa
             ... wielding a +0 short sword
              (8 damage)
             ... on level 4 of the Dungeon.
             The game lasted 00:36:35 (6801 turns).

Briareos the Gusty (DrAE)                           Turns: 6801, Time: 00:36:36

Health: -5/52      AC:  6    Str: 12    XL:     7   Next: 30%
Magic:  0/13       EV: 11    Int: 16    God:
Gold:   13         SH:  0    Dex: 11    Spells: 5/14 levels left

rFire    . . .     SeeInvis +   G - +1 flail (protect)
rCold    + . .     Gourm    .   (no shield)
rNeg     . . .     Faith    .   (armour unavailable)
rPois    .         Spirit   .   (helmet restricted)
rElec    +         Reflect  .   (no cloak)
rCorr    .         Harm     .   (no gloves)
MR       .....                  (no boots)
Stlth    +.........             (no amulet)
HPRegen  0.17/turn              g - ring of protection from cold
MPRegen  0.13/turn              C - ring of see invisible

@: sluggish, heavily drained, very slow
A: breathe lightning, unfitting armour, mutation resistance 1, electricity
resistance, cold-blooded, AC +6
a: Breathe Lightning


You were on level 4 of the Dungeon.
You were not hungry.

You visited 1 branch of the dungeon, and saw 4 of its levels.

You collected 223 gold pieces.
You spent 210 gold pieces at shops.

Inventory:

Hand Weapons
 d - a +1 short sword
 e - a +0 flail
 f - a +0 mace
 i - a +0 short sword
 j - a +0 club
 k - a +0 club
 p - a +0 dagger
 r - a +0 club
 s - a +0 hunting sling
 v - a +0 short sword
 w - a +0 hand axe
 y - a +0 hand axe
 G - a +1 flail of protection (weapon)
Missiles
 a - 236 stones (quivered)
 l - 38 bolts
 n - 36 arrows
 t - 17 poisoned needles
 D - 2 tomahawks
Armour
 c - a cursed -2 robe
Jewellery
 g - a ring of protection from cold (left hand)
 C - a ring of see invisible (right hand)
Wands
 m - a wand of iceblast (8)
 x - a wand of random effects (11)
 z - a wand of scattershot (2)
Scrolls
 q - a scroll of remove curse
 A - a scroll of noise
 B - a scroll of identify
 E - 3 scrolls of random uselessness {unknown}
Potions
 h - a potion of magic
 o - a potion of mutation
 u - a potion of flight
Comestibles
 b - 6 rations
 F - 3 chunks of flesh


   Skills:
 + Level 1.2(0.0) Fighting
 + Level 1.8(0.3) Short Blades
 + Level 2.5(1.0) Dodging
 + Level 2.5(0.9) Stealth
 + Level 4.2(2.6) Spellcasting
 + Level 3.7(2.1) Conjurations
 + Level 0.3(0.0) Hexes
 + Level 6.0(4.3) Air Magic
 + Level 0.2(0.0) Evocations


You had 5 spell levels left.
You knew the following spells:

 Your Spells              Type           Power        Failure   Level  Hunger
a - Shock                 Conj/Air       ##..         5%          1    #......
b - Swiftness             Chrm/Air       #.......     12%         2    ##.....
c - Static Discharge      Conj/Air       ##......     16%         3    ###....
d - Confuse               Hex            #.......     52%         3    ###....

Your spell library contained the following spells:

 Spells                   Type           Power        Failure   Level  Hunger
 Corona                   Hex            #......      21%         1    #......
 Ensorcelled Hibernation  Hex/Ice        #.....       30%         2    ##.....
 Airstrike                Air            ###.......   32%         4    #####..
 Dazzling Spray           Conj/Hex       #.....       36%         3    ###....
 Tukima's Dance           Hex            #.......     52%         3    ###....
 Lightning Bolt           Conj/Air       ##........   82%         5    ######.


Dungeon Overview and Level Annotations

Branches:
Dungeon (4/15)
 Temple: D:4-7

Altars:
Vehumet
Wu Jian

Shops:
D:4 =

Annotations:
D:4 Duvessa


Innate Abilities, Weirdness & Mutations

You can breathe wild blasts of lightning.
Your glossy black scales are hard. (AC +6)
You cannot fit into any form of body armour.
You are resistant to electric shocks. (rElec)
You are cold-blooded and may be slowed by cold attacks.
You are somewhat resistant to further mutation.


Message History

Duvessa is lightly wounded.
Duvessa hits you with a +0 short sword! Duvessa hits you with a +0 short sword.
Evoke which item? (* to show all) (? for menu, Esc to quit)
Aiming: Scattershot
Press: ? - help, Shift-Dir - straight line, f/p - Duvessa
Aim: Duvessa, wielding a +0 short sword and wearing a +0 scale mail (lightly wounded, berserk, fast, unusually strong)
The burst of metal fragments hits Duvessa but does no damage. x4
Duvessa is lightly wounded.
Duvessa hits you with a +0 short sword!
Casting: Shock (safe; 5% risk of failure)
Confirm with . or Enter, or press ? or * to list all spells.
Aiming: Shock (safe; 5% risk of failure)
Press: ? - help, Shift-Dir - straight line, f/p - Duvessa
Aim: Duvessa, wielding a +0 short sword and wearing a +0 scale mail (lightly wounded, berserk, fast, unusually strong)
The zap hits Duvessa but does no damage.
Duvessa is lightly wounded.
Duvessa hits you with a +0 short sword!!
* * * LOW HITPOINT WARNING * * *
Duvessa hits you with a +0 short sword!
You die...

.. .# .# #. e#
#.# ##e# #.# #..
#####.# #.#
#.....#
#.####.#.#.##
#..)e@......##
#..###.#.#...###
#..........#...#
.....####.#÷..#.#
###.#.# #.##÷##.#
#.#.# #.##.##.#
#.#.# #.##.##.#
.. .# ##.##.##.#
#.# #.....##.#


You could see Duvessa (berserk).

Vanquished Creatures
  Edmund (D:4)
  2 ogres (D:4)
  Dowan (D:4)
  2 orc priests (D:4)
  2 orc wizards (D:3)
  8 adders
  4 oozes
  3 worms
  4 dart slugs
  4 leopard geckos
  11 orcs
  A bat skeleton (D:2)
  4 giant cockroaches
  7 goblins
  3 hobgoblins
  8 jackals
  4 quokkas
  2 ball pythons (D:2)
  7 bats
  8 frilled lizards
  A jackal skeleton (D:4)
  17 kobolds
  A leopard gecko skeleton (D:4)
  7 rats
112 creatures vanquished.

Vanquished Creatures (others)
  An orc (D:3)
  A rat (D:3)
2 creatures vanquished.

Grand Total: 114 creatures vanquished

Notes
Turn   | Place    | Note
-------+----------+-------------------------------------------
     0 | D:1      | Briareos the Draconian Air Elementalist began the quest for
                  | the Orb.
     0 | D:1      | Reached XP level 1. HP: 14/14 MP: 3/3
    66 | D:1      | Gained mutation: You are somewhat resistant to further
                  | mutation. [potion of mutation]
   134 | D:1      | Reached XP level 2. HP: 6/20 MP: 0/5
   370 | D:1      | Learned a level 2 spell: Swiftness
   969 | D:1      | Reached XP level 3. HP: 26/26 MP: 0/6
   974 | D:1      | Learned a level 3 spell: Static Discharge
  2091 | D:2      | Reached XP level 4. HP: 28/34 MP: 2/7
  2788 | D:2      | Reached skill level 4 in Air Magic
  3666 | D:3      | Reached XP level 5. HP: 39/39 MP: 3/8
  3671 | D:3      | Learned a level 3 spell: Confuse
  4160 | D:3      | Found an ornate altar of the Wu Jian Council.
  4344 | D:3      | Found a radiant altar of Vehumet.
  5070 | D:3      | Reached skill level 1 in Short Blades
  5275 | D:4      | Reached XP level 6. HP: 7/46 MP: 0/10
  5715 | D:4      | Found Pioc's Jewellery Emporium.
  5724 | D:4      | Bought an uncursed ring of see invisible for 210 gold
                  | pieces
  6035 | D:4      | Reached skill level 1 in Fighting
  6410 | D:4      | Noticed Edmund
  6431 | D:4      | Killed Edmund
  6431 | D:4      | Your scales start taking on a glossy black colour.
  6431 | D:4      | Reached skill level 5 in Air Magic
  6431 | D:4      | Reached XP level 7. HP: 36/52 MP: 0/12
  6431 | D:4      | Gained mutation: You are resistant to electric shocks.
                  | (rElec) [Black Draconian growth]
  6598 | D:4      | Reached skill level 6 in Air Magic
  6768 | D:4      | Noticed Duvessa
  6768 | D:4      | Noticed Dowan
  6789 | D:4      | Killed Dowan
  6801 | D:4      | Slain by Duvessa

Skill      XL: |  1  2  3  4  5  6  7 |
---------------+----------------------+-----
Conjurations   | 2 3 |  3.7
Dodging        | 2 |  2.5
Stealth        | 2 |  2.5
Air Magic      | 4 5 6 |  6.0
Short Blades   | 1 |  1.8
Spellcasting   | 3 4 |  4.2
Fighting       | 1 |  1.2
Hexes          | |  0.3
Evocations     | |  0.2

Action                   |  1- 3 |  4- 6 |  7- 9 || total
-------------------------+-------+-------+-------++-------
Melee: Short sword       |    52 |    72 |       ||   124
       Tailslap          |     8 |     7 |     3 ||    18
       Unarmed           |     1 |       |       ||     1
       Flail             |       |       |    14 ||    14
Throw: Stone             |     8 |     2 |       ||    10
 Cast: Shock             |    78 |   108 |    11 ||   197
       Static Discharge  |       |    25 |     4 ||    29
       Confuse           |       |     2 |     2 ||     4
       Swiftness         |       |       |     1 ||     1
Evoke: Wand              |       |     3 |     1 ||     4
  Use: Potion            |     1 |     9 |       ||    10
       Scroll            |     3 |     5 |       ||     8
  Eat: Chunk             |     1 |     6 |     1 ||     8
       Ration            |     1 |     4 |       ||     5
Armor: Skin              |    12 |    27 |    16 ||    55
Dodge: Dodged            |    27 |    66 |     9 ||   102
